 Dungeon Crawl Stone Soup version 0.29.1 (webtiles) character file.

Game seed: 14796643831839783503

31 funnyparkerb the Slasher (level 3, 30/31 HPs)
             Began as a Minotaur Fighter on Sept 13, 2022.
             Quit the game on level 1 of the Dungeon.
             The game lasted 00:01:54 (740 turns).

funnyparkerb the Slasher (Minotaur Fighter)          Turns: 740, Time: 00:01:55

Health: 30/31      AC:  8    Str: 20    XL:     3   Next: 7%
Magic:  2/2        EV:  9    Int:  5    God:
Gold:   44         SH:  4    Dex: 11    Spells: 2/2 levels left

rFire   . . .      SeeInvis .   a - +0 long sword
rCold   . . .      Faith    .   c - +0 buckler
rNeg    . . .      Spirit   .   b - +0 scale mail
rPois   .          Reflect  .   (helmet restricted)
rElec   .          Harm     .   (no cloak)
rCorr   .          Rampage  .   e - +0 pair of gloves
Will    .....                   (no boots)
Stlth   ..........              (no amulet)
HPRegen 0.10/turn               (no ring)
MPRegen 0.08/turn               (no ring)

@: no status effects
A: horns 2, retaliatory headbutt
a: no special abilities


You were on level 1 of the Dungeon.
You visited 1 branch of the dungeon, and saw 2 of its levels.

You collected 44 gold pieces.

Inventory:

Hand Weapons
 a - a +0 long sword (weapon)
 l - a +0 great sword
Armour
 b - a +0 scale mail (worn)
 c - a +0 buckler (worn)
 e - a +0 pair of gloves (worn)
Scrolls
 h - a scroll of blinking {unknown}
 i - 2 scrolls of identify {unknown}
 m - a scroll of vulnerability {unknown}
Potions
 d - a potion of might
 f - 2 potions of curing {unknown}
 g - a potion of ambrosia {unknown}
 j - a potion of flight {unknown}
 k - a potion of brilliance {unknown}


   Skills:
 - Level 3.6 Fighting
 + Level 4.3 Long Blades
 - Level 3.6 Armour
 - Level 3.6 Shields


You had 2 spell levels left.
You didn't know any spells.
Your spell library contained the following spells:

 Spells                   Type           Power      Damage    Failure   Level
 Sandblast                Erth           0%         2d4       89%         1
 Passwall                 Tmut/Erth      0%         N/A       96%         2
 Stone Arrow              Conj/Erth      0%         3d7       99%         3


Dungeon Overview and Level Annotations

Branches:
Dungeon (2/15)

Altars:


Innate Abilities, Weirdness & Mutations

You have a pair of horns on your head.
You reflexively headbutt those who attack you in melee.


Message History

The endoplasm hits you but does no damage.
You hit the endoplasm. You headbutt the endoplasm.
You kill the endoplasm!
You have reached level 3!
Your experience leads to an increase in your attributes!
Increase (S)trength, (I)ntelligence, or (D)exterity?
You feel agile. x2
m - a scroll labelled UNAINO VORIRCH A giant cockroach is nearby!
A rat comes into view.
The rat closely misses you.
You hit the giant cockroach but do no damage.
The giant cockroach completely misses you.
You furiously retaliate!
You headbutt the giant cockroach, but do no damage.
You block the rat's attack.
You barely miss the giant cockroach.
Your headbutt misses the giant cockroach.
The giant cockroach bites you but does no damage.
The rat bites you but does no damage. The giant cockroach misses you.
You hit the giant cockroach.
The giant cockroach is severely wounded.
The rat bites you but does no damage. The giant cockroach closely misses you.
You hit the giant cockroach.
You kill the giant cockroach!
The rat bites you. The rat closely misses you.
A rat is nearby!
You completely miss the rat. The rat bites you.
You hit the rat.
The rat is moderately wounded.
The rat bites you but does no damage.
You closely miss the rat.
The rat is moderately wounded.
The rat bites you but does no damage.
A rat is nearby!
You slash the rat!
You kill the rat!
No target in view!
No target in view!
Are you sure you want to abandon this character and quit the game? (Confirm with "yes".)

# # # ### # #. ..## #
#.# #.#.#.. # #.....
....... #
#.##.###.#.#.###.# #
#.##......#..†...# ##
#.##.#...# #@########
.# #.##.#...#
##.......# ##
#.##.#)..###.######.#
#####.##......#.##
........†......##
###.#########..######
....# #........ #####
...##.#.# .#####.#.#


There were no monsters in sight!

Vanquished Creatures
  A dart slug (D:1)
  2 ball pythons
  2 bats (D:1)
  3 endoplasms (D:1)
  3 giant cockroaches (D:1)
  3 goblins
  2 hobgoblins
  A quokka (D:1)
  A frilled lizard (D:2)
  2 kobolds (D:1)
  6 rats (D:1)
26 creatures vanquished.

Vanquished Creatures (others)
  3 plants (D:2)
3 creatures vanquished.

Grand Total: 29 creatures vanquished

Notes
Turn   | Place    | Note
-------+----------+-------------------------------------------
     0 | D:1      | funnyparkerb the Minotaur Fighter began the quest for the
                  | Orb.
     0 | D:1      | Reached XP level 1. HP: 19/19 MP: 0/0
    38 | D:1      | Reached skill level 3 in Long Blades
    41 | D:1      | Reached XP level 2. HP: 17/26 MP: 1/1
   168 | D:1      | You fall into a shaft and drop 1 floor!
   380 | D:1      | Reached skill level 4 in Long Blades
   728 | D:1      | Reached XP level 3. HP: 31/31 MP: 2/2
   740 | D:1      | Quit the game

Illustrated notes

Levels and vault maps discovered:
D:1:      lightli_arrival_noodles, layout_loops_ring, minmay_octomino_c4
D:2:      layout_basic, shapermc_ecumenical_altar_mp_ritualfount, basic_altar

Skill      XL: |  1  2 |
---------------+-------+-----
Long Blades    | 3 4 |  4.3
Fighting       | |  3.6
Armour         | |  3.6
Shields        | |  3.6

Action                   || total
-------------------------++-------
Melee: Long sword        ||    55
       Headbutt          ||     8
Armor: Scale mail        ||    34
Dodge: Dodged            ||    32
Block: Buckler           ||    12
